Map: Oxide LE

Players

Serral - Winner!

  • Race: Zerg Zerg

Lilbow

  • Race: Protoss Protoss

Event: DreamHack SC2 Masters 2021 Winter

VOD

Have the link to the VOD?

Description

Time

  • Played on: Sept. 30, 2021, 12:17 p.m.
  • Length: 10:31

All games in this series

Show
View Real Time Build Order
Export as new Build Order

Serral Zerg - Winner!

Build Orders: Hatch First 

Get SALT Encoding   

  12  0:00  Drone  
  13  0:12  Overlord  
  13  0:16  Drone  
  14  0:30  Drone x2  
  17  0:42  Drone  
  17  0:51  Hatchery  
  17  0:55  Drone  
  17  0:59  Drone  
  18  1:09  Extractor  
  17  1:13  Spawning Pool  
  17  1:16  Drone  
  17  1:20  Drone  
  18  1:27  Drone  
  19  1:38  Drone  
  20  1:48  Overlord  
  20  2:00  Queen  
  22  2:02  Queen  
  22  2:03  Zergling x4  
  26  2:10  Drone  
  26  2:11  Metabolic Boost  
  26  2:14  Drone  
  28  2:21  Drone  
  29  2:24  Drone  
  32  2:38  Queen  
  32  2:43  Hatchery  
  31  2:47  Drone  
  31  2:48  Drone  
  31  2:51  Overlord  
  33  2:53  Drone  
  33  2:56  Drone  
  33  2:58  Drone  
  36  3:03  Overlord  
  36  3:09  Queen  
  36  3:11  Drone  
  39  3:14  Drone  
  39  3:15  Drone  
  39  3:17  Drone  
  39  3:19  Drone  
  43  3:21  Drone  
  43  3:23  Drone  
  45  3:28  Queen  
  45  3:33  Drone  
  48  3:34  Drone  
  48  3:37  Overlord  
  49  3:41  Zergling x6  
  52  3:51  Overlord  
  52  3:53  Spore Crawler  
  51  3:56  Drone x3, Spore Crawler  
  51  3:59  Drone x2  
  51  4:02  Drone  
  56  4:04  Drone  
  56  4:07  Drone x2  
  59  4:12  Zergling x2  
  59  4:13  Overlord  
  59  4:14  Drone  
  60  4:20  Drone x5  
  65  4:25  Queen  
  65  4:27  Drone  
  68  4:31  Roach Warren  
  68  4:36  Spore Crawler  
  65  4:38  Spore Crawler  
  65  4:40  Drone x4  
  65  4:41  Drone  
  65  4:43  Drone  
  70  4:47  Drone  
  70  4:49  Lair  
  70  4:50  Zergling x2  
  73  4:52  Drone  
  73  4:53  Drone x3  
  73  4:54  Drone  
  73  4:58  Extractor  
  73  4:59  Extractor x2  
  74  5:02  Evolution Chamber, Overlord  
  74  5:03  Drone x2  
  74  5:04  Drone  
  76  5:11  Drone x3  
  76  5:13  Extractor  
  78  5:14  Extractor  
  78  5:15  Queen x2  
  78  5:19  Overlord  
  81  5:26  Hatchery  
  81  5:28  Drone x4  
  84  5:35  Drone, Overlord  
  85  5:36  Drone x3  
  85  5:38  Spore Crawler  
  87  5:43  Zerg Missile Weapons Level 1  
  87  5:44  Drone x3  
  87  5:47  Glial Reconstitution  
  90  5:51  Spire  
  90  5:52  Overseer  
  90  5:56  Overlord  
  89  5:57  Drone x2  
  89  5:58  Drone  
  92  6:04  Queen x2  
  92  6:08  Queen  
  98  6:12  Drone x4  
  102  6:19  Drone x5  
  102  6:22  Overlord  
  102  6:25  Drone x3  
  110  6:27  Extractor x2  
  110  6:30  Overlord x2  
  108  6:36  Overlord  
  108  6:47  Zergling x14  
  114  6:55  Overlord  
  114  7:09  Mutalisk x11  
  114  7:11  Mutalisk x3  
  114  7:14  Zerg Flyer Weapons Level 1  
  142  7:20  Queen x3  
  142  7:21  Queen  
  150  7:29  Overlord  
  150  7:31  Roach x5  
  150  7:34  Overlord  
  150  7:36  Overlord x2  
  160  7:39  Overlord  
  160  7:40  Overlord  
  160  7:41  Overlord  
  160  7:49  Overlord  
  160  7:50  Roach  
  160  7:51  Roach x3  
  168  7:57  Roach x4  
  175  8:06  Roach x5  
  175  8:07  Roach  
  180  8:16  Queen x4  
  186  8:22  Corruptor x2  
  186  8:26  Corruptor  
  174  8:34  Corruptor  
  174  8:35  Corruptor x2  
  174  8:41  Infestation Pit  
  179  8:44  Corruptor x3  
  179  8:47  Drone x2  
  187  8:55  Corruptor x2  
  187  9:02  Corruptor  
  193  9:08  Corruptor x3  
  197  9:16  Hatchery  
  190  9:28  Corruptor x5  
  198  9:41  Overseer x2  
  198  9:42  Pneumatized Carapace  
  198  9:52  Extractor  
  197  9:55  Drone, Extractor  
  197  9:56  Drone x3  
Show
View Real Time Build Order
Export as new Build Order

Lilbow Protoss 

Build Orders: 1 Gate Expand, Oracle Opening, Carriers 

Get SALT Encoding   

  12  0:00  Probe  
  13  0:13  Pylon  
  13  0:17  Probe (Chrono Boost)  
  14  0:27  Probe (Chrono Boost)  
  15  0:32  Probe (Chrono Boost)  
  16  0:41  Gateway  
  16  0:44  Probe  
  16  0:49  Assimilator  
  17  0:56  Probe  
  18  1:08  Probe  
  19  1:20  Probe  
  19  1:25  Nexus  
  20  1:35  Cybernetics Core  
  20  1:38  Probe  
  21  1:44  Assimilator  
  21  1:50  Probe  
  21  1:53  Pylon  
  22  2:02  Probe (Chrono Boost)  
  23  2:11  Adept  
  23  2:14  Probe (Chrono Boost)  
  26  2:18  Stargate  
  26  2:19  Probe (Chrono Boost)  
  27  2:28  Probe (Chrono Boost), Warp Gate  
  29  2:39  Probe x2 (Chrono Boost)  
  29  2:41  Adept  
  32  2:46  Probe (Chrono Boost)  
  32  2:47  Probe (Chrono Boost)  
  34  2:51  Probe (Chrono Boost)  
  34  2:54  Void Ray (Chrono Boost), Probe  
  36  3:03  Probe  
  41  3:07  Probe  
  41  3:12  Pylon  
  42  3:15  Probe  
  42  3:19  Gateway, Probe  
  44  3:27  Probe  
  44  3:28  Oracle  
  44  3:31  Probe  
  49  3:39  Probe  
  50  3:46  Nexus, Probe  
  51  3:51  Pylon  
  51  3:53  Probe  
  52  3:58  Probe  
  52  4:00  Void Ray (Chrono Boost)  
  52  4:01  Assimilator  
  53  4:04  Assimilator  
  53  4:05  Probe  
  58  4:10  Probe  
  58  4:13  Forge  
  59  4:17  Probe  
  59  4:22  Probe  
  59  4:24  Pylon  
  61  4:29  Probe  
  62  4:33  Void Ray (Chrono Boost)  
  62  4:42  Probe x2  
  68  4:47  Pylon  
  68  4:50  Adept  
  70  4:52  Shield Battery  
  70  4:54  Pylon  
  70  4:58  Probe x2 (Chrono Boost)  
  73  5:04  Void Ray (Chrono Boost)  
  73  5:05  Probe (Chrono Boost)  
  75  5:07  Probe x2 (Chrono Boost)  
  75  5:11  Probe (Chrono Boost)  
  75  5:12  Probe x2, Sentry  
  75  5:13  Adept  
  86  5:23  Photon Cannon, Probe  
  86  5:24  Probe x2  
  89  5:29  Assimilator  
  89  5:35  Probe  
  90  5:36  Probe x2  
  90  5:41  Assimilator  
  92  5:45  Stargate x2  
  92  5:47  Probe  
  92  5:48  Probe x2  
  92  5:49  Fleet Beacon  
  95  5:55  Protoss Air Weapons Level 1  
  95  5:56  Photon Cannon  
  95  5:57  Void Ray (Chrono Boost)  
  95  5:59  Probe  
  95  6:00  Probe  
  97  6:04  Photon Cannon  
  97  6:05  Pylon  
  101  6:11  Pylon  
  101  6:23  Probe  
  102  6:29  Carrier (Chrono Boost)  
  102  6:37  Nexus, Pylon  
  114  6:43  Carrier (Chrono Boost)  
  114  6:50  Pylon  
  114  6:58  Pylon  
  114  7:00  Carrier (Chrono Boost)  
  120  7:03  Photon Cannon  
  120  7:04  Photon Cannon  
  120  7:07  Photon Cannon  
  120  7:09  Shield Battery  
  120  7:11  Shield Battery  
  120  7:12  Assimilator  
  120  7:16  Assimilator  
  126  7:25  Carrier (Chrono Boost)  
  132  7:33  Carrier (Chrono Boost)  
  132  7:34  Stargate  
  132  7:42  Photon Cannon  
  132  7:44  Photon Cannon  
  132  7:46  Photon Cannon  
  132  7:47  Shield Battery  
  138  7:57  Carrier (Chrono Boost)  
  134  8:02  Probe  
  134  8:03  Probe x3  
  136  8:19  Zealot x2  
  135  8:21  Phoenix (Chrono Boost)  
  135  8:22  Phoenix (Chrono Boost)  
  135  8:26  Probe  
  132  8:33  Probe x3  
  131  8:34  Phoenix (Chrono Boost)  
  131  8:36  Carrier x2 (Chrono Boost)  
  138  8:43  Probe  
  138  8:48  Probe  
  135  8:49  Probe  
  135  8:51  Probe  
  135  8:55  Probe  
  138  9:00  Probe  
  138  9:01  Probe  
  146  9:03  Probe  
  144  9:11  Carrier (Chrono Boost)  
  144  9:13  Probe x3  
  144  9:15  Probe  
  140  9:25  Probe x3  
  140  9:26  Flux Vanes  
  140  9:27  Probe  
  138  9:37  Probe x2  
  140  9:38  Probe  
  140  9:40  Probe  
  130  10:21  Stalker  

Tags
 
Add a new tag
Caveats
  • Supply blocks, unpowered buildings, or Contaminate may cause inaccurate times.
  • Supply counts are checked every 10 seconds.